Map: Catalyst LE

Players

Moonlight - Winner!

  • Race: Protoss Protoss
  • League: Grandmaster
  • Spawn Location: 5:00

meeK

  • Race: Protoss Protoss
  • League: Grandmaster
  • Spawn Location: 11:00

VOD

Have the link to the VOD?

Description

Time

  • Played on: March 7, 2018, 12:38 a.m.
  • Length: 4:10
Show
View Real Time Build Order
Export as new Build Order

Moonlight Protoss - Winner!

Build Orders:  

Get SALT Encoding   

  12  0:00  Probe  
  13  0:13  Probe  
  14  0:19  Pylon  
  14  0:25  Probe  
  15  0:37  Probe  
  15  0:40  Gateway  
  16  0:45  Assimilator  
  16  0:49  Probe  
  17  0:55  Assimilator  
  17  1:03  Probe  
  18  1:14  Gateway  
  18  1:16  Probe  
  19  1:28  Probe  
  19  1:31  Cybernetics Core  
  20  1:38  Pylon  
  20  1:41  Probe  
  21  1:55  Zealot (Chrono Boost)  
  23  2:15  Stalker (Chrono Boost)  
  27  2:47  Stalker (Chrono Boost)  
  27  2:49  Stalker (Chrono Boost)  
  30  2:56  Pylon  
  29  3:10  Probe  
  30  3:14  Stargate  
  30  3:25  Stalker  
  36  4:02  Pylon  
Show
View Real Time Build Order
Export as new Build Order

meeK Protoss 

Build Orders: Cannon Rush 

Get SALT Encoding   

  12  0:00  Probe (Chrono Boost)  
  13  0:11  Probe (Chrono Boost)  
  14  0:18  Pylon  
  14  0:21  Probe  
  15  0:36  Forge  
  15  0:38  Probe  
  16  1:13  Probe (Chrono Boost)  
  17  1:22  Pylon  
  17  1:23  Probe (Chrono Boost)  
  18  1:32  Probe  
  18  1:39  Pylon  
  19  1:45  Photon Cannon  
  19  1:46  Photon Cannon  
  19  1:51  Pylon  
  19  1:52  Pylon  
  19  1:58  Photon Cannon  
  19  1:59  Pylon  
  19  2:03  Photon Cannon  
  19  2:04  Photon Cannon  
  19  2:11  Photon Cannon  
  19  2:19  Photon Cannon  
  19  2:25  Photon Cannon  
  18  2:30  Pylon  
  17  2:46  Photon Cannon  
  17  2:52  Gateway  
  17  2:53  Assimilator  
  17  2:54  Probe (Chrono Boost)  
  18  3:04  Probe (Chrono Boost)  
  19  3:09  Probe (Chrono Boost)  
  20  3:13  Assimilator  
  20  3:18  Pylon  
  20  3:24  Probe  
  21  3:36  Probe  
  21  3:37  Gateway  
  21  3:39  Cybernetics Core  
  22  3:48  Probe  
  22  3:52  Photon Cannon  
Tags
 
Add a new tag
Caveats
  • Supply blocks, unpowered buildings, or Contaminate may cause inaccurate times.
  • Supply counts are checked every 10 seconds.